 Dungeon Crawl Stone Soup version 0.29.0-13-gc9e81de378 (webtiles) character file.

Game seed: 6875225748103212699

9 Ofeo the Firebug (level 2, 20/20 HPs)
             Began as a Meteoran Fire Elementalist on Sept 9, 2022.
             Quit the game on level 2 of the Dungeon.
             The game lasted 00:01:14 (225 turns).

Ofeo the Firebug (Meteoran Fire Elementalist)        Turns: 225, Time: 00:01:15

Health: 20/20      AC:  2    Str:  9    XL:     2   Next: 41%
Magic:  6/6        EV: 12    Int: 16    God:
Gold:   9          SH:  0    Dex: 14    Spells: 3/6 levels left

rFire   . . .      SeeInvis .   (no weapon)
rCold   . . .      Faith    .   (no shield)
rNeg    . . .      Spirit   .   a - +0 robe
rPois   .          Reflect  .   (no helmet)
rElec   .          Harm     .   (no cloak)
rCorr   .          Rampage  .   (no gloves)
Will    .....                   (no boots)
Stlth   +.........              (no amulet)
HPRegen 0.06/turn               (no ring)
MPRegen 0.10/turn               (no ring)

@: glowing
A: sense surroundings 1, otherworldly, glowing, explore regen
a: no special abilities


You were on level 2 of the Dungeon.
You visited 1 branch of the dungeon, and saw 2 of its levels.

You collected 9 gold pieces.

Inventory:

Armour
 a - a +0 robe (worn)
Scrolls
 c - a scroll of poison {unknown}
 d - 2 scrolls of identify {unknown}
 f - a scroll of teleportation {unknown}
Potions
 b - a potion of magic
 e - a potion of might {unknown}


   Skills:
 + Level 2.6 Dodging
 + Level 1.5 Stealth
 + Level 2.9 Spellcasting
 + Level 1.5 Conjurations
 + Level 3.8 Fire Magic


You had 3 spell levels left.
You knew the following spells:

 Your Spells              Type           Power      Damage    Failure   Level
a - Foxfire               Conj/Fire      40%        2x1d6     6%          1
b - Scorch                Fire           28%        2d6       6%          2

Your spell library contained the following spells:

 Spells                   Type           Power      Damage    Failure   Level
 Conjure Flame            Conj/Fire      10%        6-21      19%         3
 Inner Flame              Hex/Fire       8%         N/A       26%         3
 Flame Wave               Conj/Fire      10%        2d6       52%         4


Dungeon Overview and Level Annotations

Branches:
Dungeon (2/15) Zot: 975

Altars:


Innate Abilities, Weirdness & Mutations

You passively map a small area around you.
You are easily found by Zot.
You glow in the dark.
You regain HP and MP as you explore.


Message History

Found 4 stones.
The bat closely misses you. The bat hits you.
You take 1 damage, and have 19/20 hp.
Casting: Foxfire (safe; 7% risk of failure)
Confirm with . or Enter, or press ? or * to list all spells.
Flames lash the bat.
You kill the bat!
You now have 4/6 mp.
You now have 9 gold pieces.
Health restored: 20 A ball python comes into view.
Found a hand axe.
The ball python hisses angrily.
Found 16 gold pieces.
Casting: Scorch (safe; 6% risk of failure)
Confirm with . or Enter, or press ? or * to list all spells.
Flames lash the ball python.
You kill the ball python!
You now have 3/6 mp.
You see here a ball python corpse.
Found a glowing puce potion.
MP restored: 6
Found 4 javelins.
e - a glowing puce potion
Found a scroll labelled PEEHIB QIUJE.
A hobgoblin comes into view.
The hobgoblin shouts!
Casting: Scorch (safe; 6% risk of failure)
Confirm with . or Enter, or press ? or * to list all spells.
Flames lash the hobgoblin.
You kill the hobgoblin!
You now have 4/6 mp.
f - a scroll labelled PEEHIB QIUJE MP restored: 6
Found a scroll labelled PYOGIEKHL VITT.
d - 2 scrolls labelled PYOGIEKHL VITT (gained 1)
Found 4 gold pieces.
Found a ring mail.
You see here a +0 ring mail.
Are you sure you want to abandon this character and quit the game? (Confirm with "yes".)

<#..#.#, #..#.. * *
#..# # , #... *** ,#
## ,, , ,, .# * * * **
.#, #.. , ,,, .#.# #.#
* *######### ##.# #.#
#####..@....#, #.#
#.#,........###.# *
#.# #.#,#####.#.# .# *
#.# #.# ...#.# .#, #.#
#.#########.# .#
##.###...........# *.#
.....................#
##.###################
#..., ,, ,, , , ,


There were no monsters in sight!

Vanquished Creatures
  A dart slug (D:1)
  A ball python (D:2)
  A goblin (D:2)
  A hobgoblin (D:2)
  A kobold (D:2)
  A bat (D:2)
  A frilled lizard (D:2)
7 creatures vanquished.

Vanquished Creatures (others)
  11 foxfires
11 creatures vanquished.

Grand Total: 18 creatures vanquished

Notes
Turn   | Place    | Note
-------+----------+-------------------------------------------
     0 | D:1      | Ofeo the Meteoran Fire Elementalist began the quest for the
                  | Orb.
     0 | D:1      | Reached XP level 1. HP: 14/14 MP: 5/5
    73 | D:2      | Reached XP level 2. HP: 20/20 MP: 3/6
   120 | D:2      | Learned a level 2 spell: Scorch
   225 | D:2      | Quit the game

Illustrated notes

Levels and vault maps discovered:
D:1:      eino_arrival_druids_welcome, layout_rooms,
          shapermc_ecumenical_altar_notcrosses, minmay_rat_gold_closets
D:2:      layout_basic, basic_altar

Action                   || total
-------------------------++-------
Melee: Unarmed           ||     1
 Cast: Foxfire           ||     7
       Scorch            ||     3
Dodge: Dodged            ||     4
